 Dungeon Crawl Stone Soup version 0.18.1-50-g88ac8fd (webtiles) character file.

242 grisgris the Sneak (level 5, -3/38 HPs)
             Began as a Vampire Enchanter on Oct 16, 2016.
             Slain by an orc priest
             ... wielding a +0 mace
              (8 damage)
             ... on level 4 of the Dungeon.
             The game lasted 00:06:50 (1699 turns).

grisgris the Sneak (Vampire Enchanter)              Turns: 1699, Time: 00:06:51

Health: -3/38      AC:  6    Str:  7    XL:     5   Next: 81%
Magic:  1/8        EV: 11    Int: 19    God:
Gold:   80         SH:  0    Dex: 14    Spells: 3 memorised, 3 levels left

rFire  . . .     SeeInvis +     a - +1 dagger
rCold  + + .     Gourm    .     b - +2 robe
rNeg   + + +     Faith    .     (no shield)
rPois  +         Spirit   .     (no helmet)
rElec  .         Dismiss  .     n - +0 cloak
rCorr  .         Reflect  .     h - +0 pair of gloves
SustAt .         Harm     .     (no boots)
MR     .....                    (no amulet)
Stlth  ++++......               (no ring)
                                g - -2 ring of evasion (curse)

@: regenerating slowly, not resistant to hostile enchantments, stealthy
A: fangs 3, see invisible, unbreathing
a: Bat Form


You were on level 4 of the Dungeon.
You were near bloodless.

You visited 1 branch of the dungeon, and saw 5 of its levels.

You collected 80 gold pieces.

Inventory:

Hand Weapons
 a - a +1 dagger (weapon)
 f - a +1 rapier of speed
Armour
 b - a +2 robe (worn)
 h - a +0 pair of gloves (worn)
 n - a +0 cloak (worn)
Jewellery
 g - a cursed -2 ring of evasion (left hand)
Scrolls
 i - a scroll of teleportation {unknown}
 k - a scroll of remove curse {unknown}
 l - a scroll of noise {unknown}
Potions
 d - a potion of blood
 e - a potion of brilliance {unknown}
 j - 2 potions of cancellation {unknown}
 m - a potion of haste {unknown}
Books
 c - a book of Maledictions

   Spells                             Type                      Level
   a - Corona                         Hexes                        1
   b - Ensorcelled Hibernation        Hexes/Ice                    2
   c - Confuse                        Hexes                        3
   d - Tukima's Dance                 Hexes                        3
   e - Dazzling Spray                 Conjuration/Hexes            3


   Skills:
 + Level 1.9 Fighting
 + Level 2.3 Short Blades
 + Level 3.5 Dodging
 + Level 5.6 Stealth
 + Level 2.5 Spellcasting
 + Level 5.5 Hexes
 + Level 1.4 Ice Magic


You had 3 spell levels left.
You knew the following spells:

 Your Spells              Type           Power        Failure   Level  Hunger
a - Ensorcelled Hibernat  Hex/Ice        ###...       8%          2    ##.....
b - Confuse               Hex            ###.....     6%          3    ###....
c - Corona                Hex            ###....      1%          1    #......


Dungeon Overview and Level Annotations

Branches:
Dungeon (5/15)
 Temple: D:4-7

Altars:


Innate Abilities, Weirdness & Mutations

You heal slowly.
You have razor-sharp teeth.
You have supernaturally acute eyesight.
You can survive without breathing.


Message History

a club; a flail; an orc corpse x2
The orc priest casts a cantrip, but nothing happens.
The orc priest hits you with a mace.
Casting: Corona
Confirm with . or Enter, or press ? or * to list all spells.
You don't have enough magic to cast that spell.
Casting: Corona
Confirm with . or Enter, or press ? or * to list all spells.
Aiming: Corona
Press: ? - help, Shift-Dir - straight line, f - orc priest
Aim: an orc priest, wielding a mace and wearing a ring mail (heavily wounded, chance to defeat MR: 62%)
The orc priest is outlined in light.
You closely miss the orc priest.
The orc priest is heavily wounded.
The orc priest hits you with a mace!
* * * LOW HITPOINT WARNING * * *
You barely miss the orc priest.
The orc priest is heavily wounded.
The orc priest hits you with a mace!
You die...

#.#### ##.....## ### # #.#
##...## #.# ##+## #.# #.#
#.# #.# #.#
########)######## #.#
#...............## #.#
#.##.#....o#.>...#
#.#####.##.##..@#.......#
#..........##..##..........
#######.#####.###.......###
#.# #.# ##.....## #.. ..#
##...## #### #### #####


You could see an orc priest.

Vanquished Creatures
  A howler monkey (D:3)
  Crazy Yiuf (D:3)
  A centaur skeleton (D:4)
  3 worker ants (D:4)
  4 adders (D:3)
  3 worms
  2 giant geckos
  8 orcs
  A bat (D:3)
  A giant cockroach (D:2)
  A goblin (D:3)
  3 kobolds (D:3)
  A giant newt (D:3)
  5 rats
35 creatures vanquished.

Notes
Turn   | Place    | Note
--------------------------------------------------------------
     0 | D:1      | grisgris the Vampire Enchanter began the quest for the Orb.
     0 | D:1      | Reached XP level 1. HP: 13/13 MP: 3/3
   186 | D:2      | Reached XP level 2. HP: 12/19 MP: 1/5
   190 | D:2      | Learned a level 2 spell: Ensorcelled Hibernation
   480 | D:3      | Reached XP level 3. HP: 25/25 MP: 1/6
   611 | D:4      | Learned a level 3 spell: Confuse
   647 | D:4      | Reached skill level 5 in Hexes
   702 | D:4      | Reached skill level 1 in Fighting
   716 | D:4      | Reached skill level 5 in Stealth
   716 | D:4      | Reached XP level 4. HP: 32/32 MP: 1/7
  1025 | D:3      | Reached skill level 1 in Ice Magic
  1210 | D:3      | Noticed Crazy Yiuf
  1215 | D:3      | Killed Crazy Yiuf
  1215 | D:3      | Reached XP level 5. HP: 30/37 MP: 5/8
  1656 | D:5      | Entered Level 5 of the Dungeon
  1656 | D:5      | Noticed a sky beast
  1699 | D:4      | Slain by an orc priest

Skill      XL: |  1  2  3  4 |
---------------+-------------+-----
Hexes          | 5 |  5.5
Fighting       | 1 |  1.9
Stealth        | 5 |  5.6
Short Blades   | 2 |  2.3
Dodging        | 3 |  3.5
Ice Magic      | 1 |  1.4
Spellcasting   | |  2.5

Action                   |  1- 3 |  4- 6 || total
-------------------------+-------+-------++-------
Melee: Rapier            |    43 |       ||    43
       Dagger            |    20 |    53 ||    73
       Bite              |     6 |     1 ||     7
 Cast: Corona            |     9 |     6 ||    15
       Ensorcelled Hiber |    11 |    16 ||    27
       Confuse           |       |     4 ||     4
  Use: Scroll            |     1 |       ||     1
 Stab: Sleeping          |    17 |    11 ||    28
       Confused          |       |     2 ||     2
Armor: Robe              |     6 |    17 ||    23
Dodge: Dodged            |    19 |    26 ||    45
